 Dungeon Crawl Stone Soup version 0.20-a0-493-g19c8d8d (webtiles) character file.

228 Asddderdsw the Gusty (level 5, -8/40 HPs)
             Began as a Draconian Wanderer on Jan 18, 2017.
             Killed from afar by Raine357's ghost (30 damage)
             ... with a bolt of negative energy
             ... on level 4 of the Dungeon.
             The game lasted 00:23:14 (3108 turns).

Asddderdsw the Gusty (Draconian Wanderer)           Turns: 3108, Time: 00:23:18

Health: -8/40      AC:  5    Str: 12    XL:     5   Next: 71%
Magic:  9/9        EV: 12    Int: 17    God:
Gold:   79         SH:  0    Dex: 11    Spells: 5/9 levels left

rFire    . . .     SeeInvis .   t - +1 whip (distort)
rCold    . . .     Gourm    .   (armour unavailable)
rNeg     . . .     Faith    .   (no shield)
rPois    .         Spirit   .   (helmet restricted)
rElec    .         Reflect  .   (no cloak)
rCorr    .         Harm     .   (no gloves)
MR       .....                  (no boots)
Stlth    ++........             (no amulet)
Regen    0.2/turn               (no ring)
                                r - +2 ring of intelligence

@: drained
A: unfitting armour, cold-blooded, AC +5
a: no special abilities


You were on level 4 of the Dungeon.
You were not hungry.

You visited 1 branch of the dungeon, and saw 4 of its levels.

You collected 79 gold pieces.

Inventory:

Hand Weapons
 a - a +2 dagger
 b - a +2 dagger of venom
 t - a +1 whip of distortion (weapon)
 y - a +1 falchion of flaming
 B - a +0 flail
Missiles
 e - 13 tomahawks (quivered)
 o - 150 stones
 s - 145 arrows
Jewellery
 r - a +2 ring of intelligence (left hand)
Wands
 C - a wand of confusion (26/48)
Scrolls
 g - 3 scrolls of teleportation {unknown}
 h - 5 scrolls of identify {unknown}
 i - a scroll of remove curse {unknown}
 k - a scroll of amnesia {unknown}
 m - a scroll of enchant armour {unknown}
 n - a scroll of fog {unknown}
Potions
 d - 2 potions of curing
 l - a potion of brilliance {unknown}
 u - a potion of agility {unknown}
 v - a potion of might {unknown}
 w - a potion of ambrosia {unknown}
 z - a potion of resistance {unknown}
 A - a potion of lignification {unknown}
Books
 c - the Disquisition on Moulding

   Spells                             Type                      Level
   a - Passwall                       Transmutation/Earth          2
   b - Sticks to Snakes               Transmutation                2
Comestibles
 f - 3 bread rations
 j - a fruit
 p - a slice of pizza
 q - a meat ration
 x - 2 chunks of flesh


   Skills:
 + Level 1.4(0.8) Fighting
 + Level 1.2(0.6) Short Blades
 + Level 2.1(1.5) Maces & Flails
 + Level 0.6(0.1) Throwing
 + Level 2.1(1.5) Dodging
 + Level 2.7(2.1) Stealth
   Level 1.0(0.4) Shields
 + Level 2.8(2.2) Spellcasting
   Level 2.0(1.4) Conjurations
   Level 1.0(0.4) Necromancy
   Level 3.0(2.3) Air Magic


You had 5 spell levels left.
You knew the following spells:

 Your Spells              Type           Power        Failure   Level  Hunger
a - Passwall              Tmut/Erth      #.........   30%         2    ###....
b - Sticks to Snakes      Tmut           #.......     30%         2    ###....


Dungeon Overview and Level Annotations

Branches:
Dungeon (4/15)
 Temple: D:4-7

Altars:

Annotations:
D:4 Raine357's ghost, novice DrIE; Sigmund


Innate Abilities, Weirdness & Mutations

Your plain brown scales are hard. (AC +5)
You cannot fit into any form of body armour.
You are cold-blooded and may be slowed by cold attacks.


Message History

a dagger; a robe; 9 gold pieces; an orc corpse You butcher the orc corpse.
Items here: $ % ) [ a dagger; a robe; 9 gold pieces; a chunk of flesh
There is a stone staircase leading down here.
You hit the orc.
You kill the orc!
You feel yourself speed up.
Raine357's ghost (novice Purple Draconian Ice Elementalist) comes into view.
You hit Raine357's ghost but do no damage.
Space warps horribly around Raine357's ghost!
Raine357's ghost is lightly damaged.
Raine357's ghost hits you!
You hit Raine357's ghost but do no damage.
Space bends around Raine357's ghost.
Raine357's ghost is moderately damaged.
Raine357's ghost breathes negative energy at you.
The bolt of negative energy hits you!
You feel drained.
Ouch! That really hurt!
You die...

#.# .# .# #####.#
).....# ####### #
############ .#
...........#######..#
##########......@W..#
#########....# ##.#


You could see Raine357's ghost.

Vanquished Creatures
  4 orc wizards
  Ijyb (D:2)
  2 adders (D:3)
  2 oozes (D:1)
  A worm (D:2)
  A leopard gecko (D:1)
  7 orcs
  8 giant cockroaches
  7 goblins
  6 hobgoblins
  A jackal (D:2)
  10 kobolds
  8 bats
  A frilled lizard (D:1)
  5 rats
64 creatures vanquished.

Vanquished Creatures (others)
  A jackal (D:2)
1 creature vanquished.

Grand Total: 65 creatures vanquished

Notes
Turn   | Place    | Note
-------+----------+-------------------------------------------
     0 | D:1      | Asddderdsw the Draconian Wanderer began the quest for the Orb.
     0 | D:1      | Asddderdsw set off with: a +2 dagger, a potion of heal wounds, the Disquisition on Moulding, a potion of curing, a bread ration
     0 | D:1      | Reached XP level 1. HP: 14/14 MP: 3/3
   323 | D:1      | Reached XP level 2. HP: 20/20 MP: 5/5
   380 | D:1      | You fall through a shaft!
   689 | D:1      | Reached XP level 3. HP: 13/26 MP: 7/7
   693 | D:1      | Learned a level 2 spell: Passwall
   693 | D:1      | Identified the Disquisition on Moulding
   697 | D:1      | Learned a level 2 spell: Sticks to Snakes
  1263 | D:2      | Reached skill level 1 in Dodging
  1496 | D:2      | Noticed Ijyb
  1511 | D:2      | Killed Ijyb
  1511 | D:2      | Reached XP level 4. HP: 33/33 MP: 8/8
  1941 | D:2      | Reached skill level 1 in Short Blades
  2165 | D:3      | Found a faded altar of an unknown god.
  2481 | D:3      | Reached skill level 1 in Maces & Flails
  2569 | D:3      | Reached skill level 1 in Fighting
  2569 | D:3      | Reached XP level 5. HP: 33/40 MP: 9/9
  2963 | D:4      | Noticed Sigmund
  3106 | D:4      | Noticed Raine357's ghost (novice DrIE)
  3108 | D:4      | Killed from afar by Raine357's ghost

Vault maps used:
D:1:      ncdulo_wetmaze
D:2:      first_bread, minmay_crystal_water, uniq_iyjb
D:3:      chequers_ecumenical_altar_island, kennysheep_boxes
D:4:      nicolae_dithmenos_the_darkroom, uniq_sigmund

Skill      XL: |  1  2  3  4  5 |
---------------+----------------+-----
Dodging        | 1 2 |  2.1
Stealth        | 2 |  2.7
Short Blades   | 1 |  1.2
Maces & Flails | 1 2 |  2.1
Fighting       | 1 |  1.4
Throwing       | |  0.6
Shields        | |  1.0
Spellcasting   | |  2.8
Conjurations   | |  2.0
Necromancy     | |  1.0
Air Magic      | |  3.0

Action                   |  1- 3 |  4- 6 || total
-------------------------+-------+-------++-------
Melee: Dagger            |   106 |       ||   106
       Tailslap          |    14 |    11 ||    25
       Whip              |    14 |   100 ||   114
Throw: Tomahawk          |     2 |     8 ||    10
 Cast: Sticks to Snakes  |       |     4 ||     4
  Use: Potion            |       |     4 ||     4
 Stab: Sleeping          |     1 |     2 ||     3
  Eat: Chunk             |     2 |     4 ||     6
       Pizza             |       |     1 ||     1
Armor: Skin              |    64 |    28 ||    92
Dodge: Dodged            |   122 |    59 ||   181
